 Dungeon Crawl Stone Soup version 0.18.1-50-g88ac8fd (webtiles) character file.

8875 Peloso the Blocker (level 11, 0/95 HPs)
             Began as a Minotaur Fighter on Sept 24, 2016.
             Was an Elder of Okawaru.
             Killed from afar by a gargoyle (25 damage)
             ... with a stone arrow
             ... on level 10 of the Dungeon.
             The game lasted 00:29:50 (9660 turns).

Peloso the Blocker (Minotaur Fighter)               Turns: 9660, Time: 00:29:50

Health: 0/95       AC: 16    Str: 21    XL:     11   Next: 15%
Magic:  7/10       EV: 13    Int:  5    God:    Okawaru [****..]
Gold:   532        SH: 12    Dex: 13    Spells: 0 memorised, 10 levels left

rFire  . . .     SeeInvis .     D - +0 scimitar (flame)
rCold  . . .     Gourm    .     b - +1 scale mail
rNeg   + . .     Faith    .     c - +0 shield
rPois  +         Spirit   .     (helmet restricted)
rElec  .         Dismiss  .     F - +0 cloak {MR+}
rCorr  +         Reflect  .     t - +2 pair of gloves
SustAt .         Harm     .     I - +1 pair of boots
MR     ++++.     Clarity  +     p - amulet of the Four Winds {rN+ MR+++ Clar}
Stlth  ..........               v - ring of poison resistance
                                y - ring of resist corrosion

@: about to teleport, incredibly resistant to hostile enchantments, extremely
unstealthy
A: retaliatory headbutt, horns 2
a: Heroism, Renounce Religion


You were on level 10 of the Dungeon.
You worshipped Okawaru.
Okawaru was greatly pleased with you.
You were hungry.

You visited 2 branches of the dungeon, and saw 11 of its levels.

You collected 532 gold pieces.

Inventory:

Hand Weapons
 a - a +1 long sword
 C - the +5 hand axe of Deflation {drain, MP+9}
   (You found it on level 5 of the Dungeon)

   A truly terrible weapon, it drains the life of those it strikes.
   It affects your magic capacity (+9).
 D - a +0 scimitar of flaming (weapon)
Armour
 b - a +1 scale mail (worn)
 c - a +0 shield (worn)
 s - a +2 cloak
 t - a +2 pair of gloves (worn)
 F - a +0 cloak of magic resistance (worn)
 I - a +1 pair of boots (worn)
Jewellery
 i - an uncursed ring of stealth
 p - the amulet of the Four Winds (around neck) {rN+ MR+++ Clar}
   (You found it on level 5 of the Dungeon)

   [amulet of nothing]

   It protects you from negative energy.
   It affects your resistance to hostile enchantments.
   It protects you against confusion.
 v - a ring of poison resistance (right hand)
 w - a +2 amulet of reflection
 y - a ring of resist corrosion (left hand)
Wands
 j - a wand of teleportation (5/9)
 A - a wand of teleportation (9/9)
Scrolls
 g - 2 scrolls of teleportation
 h - a scroll of fog
 k - 5 scrolls of remove curse
 l - a scroll of magic mapping
 m - a scroll of fear
 r - 3 scrolls of amnesia {unknown}
 u - 4 scrolls of recharging
 B - a scroll of enchant weapon
 E - 2 scrolls of vulnerability {unknown}
 G - 4 scrolls of identify
Potions
 d - 2 potions of heal wounds
 e - 2 potions of brilliance
 n - 3 potions of flight
 o - 3 potions of curing
 x - 2 potions of cancellation
 J - a potion of lignification {unknown}
 K - a potion of agility {unknown}
Books
 q - a book of Beasts

   Spells                             Type                      Level
   a - Summon Butterflies             Summoning                    1
   b - Call Canine Familiar           Summoning                    3
   c - Summon Ice Beast               Ice/Summoning                4
   d - Summon Mana Viper              Hexes/Summoning              5
   e - Summon Hydra                   Summoning                    7
 H - a Fen Folio

   Spells                             Type                      Level
   a - Corpse Rot                     Necromancy                   2
   b - Stone Arrow                    Conjuration/Earth            3
   c - Leda's Liquefaction            Hexes/Earth                  4
   d - Summon Forest                  Summoning/Translocation      5
   e - Hydra Form                     Transmutation                6
   f - Summon Hydra                   Summoning                    7
 M - a book of Flames

   Spells                             Type                      Level
   a - Flame Tongue                   Conjuration/Fire             1
   b - Throw Flame                    Conjuration/Fire             2
   c - Conjure Flame                  Conjuration/Fire             3
   d - Inner Flame                    Hexes/Fire                   3
   e - Sticky Flame                   Conjuration/Fire             4
   f - Fireball                       Conjuration/Fire             5
Comestibles
 f - 5 bread rations
 z - 2 meat rations
 L - 2 chunks of flesh


   Skills:
 + Level 8.7 Fighting
 + Level 10.1 Long Blades
 + Level 9.6 Armour
 + Level 8.5 Dodging
 + Level 1.5 Stealth
 + Level 10.7 Shields
 + Level 0.4 Invocations


You had 10 spell levels left.
You didn't know any spells.

Dungeon Overview and Level Annotations

Branches:
Dungeon (10/15)            Temple (1/1) D:7
   Lair: D:8-11         Orc: D:9-12

Altars:
Ashenzari
Cheibriados
Dithmenos
Elyvilon
Fedhas
Kikubaaqudgha
Okawaru
Pakellas
Ru
Sif Muna
Trog
Vehumet
Xom
Yredelemnul

Annotations:
D:6 Prince Ribbit


Innate Abilities, Weirdness & Mutations

You reflexively headbutt those who attack you in melee.
You have a pair of horns on your head.


Message History

You block the killer bee's attack.
The killer bee stings you but does no damage.
You closely miss the killer bee.
The killer bee is heavily wounded.
Your surroundings suddenly seem different.
Found a scroll labeled XEDYXZOLLUA and a dagger.
A river rat and a gargoyle come into view.
The gargoyle hurls a stone arrow at you.
You block the stone arrow.
The river rat bites you but does no damage.
An eye of draining comes into view.
The eye of draining turns its gaze towards you.
The eye of draining gazes at you.
You feel your power leaking away.
Read which item? (? for menu, Esc to quit)
As you read the scroll of teleportation, it crumbles to dust.
You feel strangely unstable. You block the river rat's attack.
The gargoyle hurls a stone arrow at you.
The stone arrow hits you!
You die...

.§ ≈ ≈ §≈ # ≈§ §≈## .##
.≈≈≈#§. #....#.
.≈#...######........
.....#@#....##......
.........#....#....).
...h....r....#.......
.....................
........9............
...G...?.............
..............#.##..
P......Y...............#
.. P......Y
........§...#.# ##


You could see an eye of draining, a gargoyle, a hound and a river rat.

Vanquished Creatures
  Erica (D:8)
  A hill giant (D:10)
  Pikel (D:9)
  Maurice (D:8)
  2 gargoyles (D:10)
  Grinder (D:3)
  A vampire (D:10)
  2 wraiths
  Eustachio (D:6)
  A hungry ghost (D:7)
  Menkaure (D:6)
  The ghost of Nordron the Changer, an amateur OpTm (D:3)
  A water moccasin (D:9)
  An orc warrior (D:10)
  2 ice beasts
  6 sky beasts
  2 phantoms
  4 ogres
  4 centaurs
  2 crocodiles (D:10)
  2 giant frogs
  2 gnoll sergeants
  A wyvern skeleton (D:8)
  2 scorpions
  19 killer bees
  2 howler monkeys (D:9)
  5 lava snakes (D:10)
  6 crimson imps
  A centaur zombie (D:6)
  A giant frog zombie (D:10)
  A hound (D:6)
  A centaur skeleton (D:4)
  5 jellies
  3 gnoll shamans
  2 giant frog skeletons
  6 orc wizards
  5 orc priests
  An iguana (D:10)
  7 worker ants
  A hound skeleton (D:10)
  A worker ant zombie (D:9)
  7 adders
  55 gnolls
  A howler monkey skeleton (D:9)
  3 river rats
  2 shadow imps (D:8)
  An ooze (D:4)
  2 adder skeletons
  An adder zombie (D:8)
  A worm (D:3)
  4 dart slugs
  3 giant geckos
  37 orcs
  9 bats
  5 giant cockroaches
  2 goblins
  7 hobgoblins
  29 jackals
  A quokka (D:5)
  A sheep (D:4)
  A giant gecko zombie (D:6)
  3 giant newts
  6 kobolds
  4 rats
295 creatures vanquished.

Vanquished Creatures (others)
  3 slaves (D:9)
  An ogre (D:9)
  A scorpion (D:9)
  An orc wizard (D:9)
  2 gnolls (D:9)
  An adder (D:9)
  4 orcs (D:9)
  5 fungi (D:10)
  3 plants (D:10)
21 creatures vanquished.

Grand Total: 316 creatures vanquished

Notes
Turn   | Place    | Note
--------------------------------------------------------------
     0 | D:1      | Peloso the Minotaur Fighter began the quest for the Orb.
     0 | D:1      | Reached XP level 1. HP: 19/19 MP: 0/0
   167 | D:1      | Reached XP level 2. HP: 25/27 MP: 1/1
   973 | D:2      | Reached XP level 3. HP: 33/33 MP: 2/2
  1249 | D:3      | Noticed Grinder
  1252 | D:3      | Paralysed by Grinder for 7 turns
  1269 | D:3      | Killed Grinder
  1269 | D:3      | Reached skill level 5 in Armour
  1269 | D:3      | Reached skill level 5 in Shields
  1269 | D:3      | Reached XP level 4. HP: 7/41 MP: 3/3
  1269 | D:3      | Reached XP level 5. HP: 8/47 MP: 4/4
  1597 | D:3      | Reached skill level 1 in Dodging
  1718 | D:3      | Noticed Nordron's ghost (amateur OpTm)
  1770 | D:3      | Killed Nordron's ghost
  1770 | D:3      | Reached skill level 5 in Fighting
  1770 | D:3      | Reached XP level 6. HP: 35/56 MP: 5/5
  2172 | D:4      | Reached XP level 7. HP: 43/61 MP: 6/6
  2198 | D:4      | Found a sacrificial altar of Ru.
  2204 | D:4      | Found a shimmering altar of Xom.
  3204 | D:4      | Reached skill level 5 in Long Blades
  3219 | D:4      | Reached XP level 8. HP: 69/70 MP: 7/7
  3607 | D:4      | Reached skill level 1 in Stealth
  3755 | D:4      | You fall through a shaft for 2 floors!
  3755 | D:6      | Noticed Prince Ribbit
  3851 | D:5      | Entered Level 5 of the Dungeon
  4313 | D:5      | Found a sacrificial altar of Ru.
  4527 | D:5      | Found a snail-covered altar of Cheibriados.
  4548 | D:5      | Got a warped hand axe
  4549 | D:5      | Identified the +5 hand axe of Deflation {drain, MP+9} (You found it on level 5 of the Dungeon)
  5083 | D:6      | Reached skill level 5 in Dodging
  5176 | D:6      | Found a shattered altar of Ashenzari.
  5386 | D:6      | Reached XP level 9. HP: 77/78 MP: 8/8
  5464 | D:6      | Noticed Eustachio
  5479 | D:6      | Killed Eustachio
  5559 | D:6      | Found a bloodstained altar of Trog.
  5560 | D:6      | Found an oddly glowing altar of Pakellas.
  5612 | D:6      | Noticed Menkaure
  5619 | D:6      | Killed Menkaure
  5816 | D:7      | Found a staircase to the Ecumenical Temple.
  5831 | Temple   | Entered the Ecumenical Temple
  5839 | Temple   | Became a worshipper of Warmaster Okawaru
  6028 | D:7      | You fall through a shaft for 2 floors!
  6050 | D:9      | Noticed Pikel
  6072 | D:9      | Killed Pikel
  6072 | D:9      | Reached * piety under Okawaru
  6549 | D:9      | Reached ** piety under Okawaru
  6629 | D:9      | Reached XP level 10. HP: 72/88 MP: 9/9
  6969 | D:8      | Found a deep blue altar of Sif Muna.
  7248 | D:8      | Noticed Maurice
  7299 | D:8      | Killed Maurice
  7366 | D:8      | Noticed Erica
  7388 | D:8      | Killed Erica
  7388 | D:8      | Reached *** piety under Okawaru
  7860 | D:7      | Received a gift from Okawaru
  7956 | D:7      | Reached skill level 10 in Shields
  8158 | D:6      | Found a shadowy altar of Dithmenos.
  8158 | D:6      | Found a shimmering altar of Xom.
  8161 | D:6      | Found an ancient bone altar of Kikubaaqudgha.
  8611 | D:10     | Entered Level 10 of the Dungeon
  8629 | D:10     | Noticed a gargoyle
  8650 | D:10     | Killed a gargoyle
  8900 | D:10     | Noticed a gargoyle
  9059 | D:10     | Killed a gargoyle
  9101 | D:10     | Noticed a hill giant
  9305 | D:10     | Killed a hill giant
  9305 | D:10     | Reached XP level 11. HP: 84/95 MP: 10/10
  9454 | D:10     | Reached **** piety under Okawaru
  9482 | D:10     | Reached skill level 10 in Long Blades
  9660 | D:10     | Killed from afar by a gargoyle

Skill      XL: |  1  2  3  4  5  6  7  8  9 10 11 |
---------------+----------------------------------+-----
Fighting       | 4 5 6 7 8 |  8.7
Armour         | 4 5 6 7 8 9 |  9.6
Shields        | 4 5 6 7 8 10 | 10.7
Long Blades    | 3 4 5 6 8 9 10 | 10.1
Dodging        | 1 2 3 5 6 8 |  8.5
Stealth        | 1 |  1.5
Invocations    | |  0.4

Action                   |  1- 3 |  4- 6 |  7- 9 | 10-12 || total
-------------------------+-------+-------+-------+-------++-------
Melee: Long sword        |    54 |    60 |   586 |   125 ||   825
       Headbutt          |     8 |    11 |   110 |    61 ||   190
       Scimitar          |       |       |       |   215 ||   215
Invok: Heroism           |       |       |       |     3 ||     3
  Use: Scroll            |     7 |       |     8 |     5 ||    20
       Potion            |     4 |       |       |       ||     4
  Eat: Chunk             |     1 |     3 |    11 |     5 ||    20
       Meat ration       |       |       |     1 |     1 ||     2
Armor: Scale mail        |    17 |    19 |   204 |   158 ||   398
Dodge: Dodged            |    15 |    17 |   220 |   163 ||   415
Block: Shield            |    24 |    20 |   369 |   283 ||   696
       Reflection        |       |       |     6 |     2 ||     8
